 Dungeon Crawl Stone Soup version 0.31-a0-819-gf6de2f5ab6 (webtiles) character file.

Game seed: 772099007161779433

26820 qw the Marksgargoyle (level 13, -2/86 HPs)
             Began as a Gargoyle Hunter on Sept 23, 2023.
             Was an Elder of Okawaru.
             Slain by a seven-headed hydra (8 damage)
             ... on level 4 of the Lair of Beasts.
             The game lasted 00:08:12 (15162 turns).

qw the Marksgargoyle (Gargoyle Hunter)             Turns: 15162, Time: 00:08:12

Health: -2/86      AC: 31    Str: 16    XL:     13   Next: 28%
Magic:  18/18      EV: 16    Int: 10    God:    Okawaru [****..]
Gold:   901        SH:  0    Dex: 17    Spells: 12/12 levels left

rFire   + . .        Y - +1 orcbow
rCold   + . .        (shield currently unavailable)
rNeg    + . .        r - +3 ring mail {rC+}
rPois   inf          o - +0 helmet
rElec   +            q - +0 cloak
rCorr   .            f - +1 pair of gloves
SInv    .            b - +0 pair of boots {Stlth+}
Will    .....        (no amulet)
Stlth   ++++         e - +4 ring of protection
HPRegen 0.34/turn    m - ring of protection from fire
MPRegen 0.16/turn

%: no passive effects
@: about to teleport, heroic
A: sickness immunity, AC +9, negative energy resistance 1, electricity
resistance, torment resistance 1, petrification resistance
a: Renounce Religion, Heroism, Finesse


You were on level 4 of the Lair of Beasts.
You worshipped Okawaru.
Okawaru was greatly pleased with you.
You visited 3 branches of the dungeon, and saw 15 of its levels.

You collected 1118 gold pieces.
You spent 217 gold pieces at shops.


Innate Abilities, Weirdness & Mutations

You are immune to sickness and miasma.
Your stone body is resilient. (AC +9)
You are immune to poison.
You resist negative energy. (rN+)
You are resistant to electric shocks. (rElec)
You are resistant to unholy torment.
You are immune to petrification.


   Skills:
 - Level 12.0(17.0) Fighting
 - Level 16.0(21.0) Ranged Weapons
 - Level 8.0(13.0) Armour
 + Level 5.4(10.4) Dodging
 - Level 1.1(6.1) Stealth
 - Level 7.1 Invocations


You had 12 spell levels left.
You didn't know any spells.
Your spell library was empty.

Inventory:

Hand Weapons
 Y - a +1 orcbow (weapon)
Armour
 b - a +0 pair of boots of stealth (worn)
 f - a +1 pair of gloves (worn)
 o - a +0 helmet (worn)
 p - a +0 troll leather armour
 q - a +0 cloak (worn)
 r - a +3 ring mail of cold resistance (worn)
Jewellery
 e - a +4 ring of protection (left hand)
 m - a ring of protection from fire (right hand)
Scrolls
 g - 8 scrolls of identify
Potions
 a - a potion of mutation
 c - a potion of magic
 d - 2 potions of haste
 h - 6 potions of curing
 i - a potion of might
 k - 2 potions of resistance
 l - 2 potions of enlightenment
 n - a potion of cancellation

Dungeon Overview and Level Annotations

Branches:
Dungeon (10/15)            Temple (1/1) D:6            Lair (4/5) D:10
  Swamp (0/4) Lair:2        Snake (0/4) Lair:2
  Slime: Lair:4-5       Orc: D:9-12

Altars:
Ashenzari
Cheibriados
Dithmenos
Elyvilon
Fedhas
Gozag
Hepliaklqana
Kikubaaqudgha
Makhleb
Nemelex Xobeh
Okawaru
Qazlal
Ru
Sif Muna
Trog
Uskayaw
Vehumet
Wu Jian
Xom
Yredelemnul
Zin
The Shining One
Jiyva

Shops:
D:4 [[(   D:6 [

Portals:
Ice
Cave: Lair:4

Annotations:
D:3 2 runed translucent doors, qw's ghost, amateur GrHu
D:7 2 runed translucent doors, exclusion: oklob plant, qw's ghost, novice GrHu
D:9 3 runed translucent doors, qw's ghost, novice MiHs
Lair:1 exclusion: oklob plant


Message History

The seven-headed hydra misses you.
The seven-headed hydra closely misses you.
The wolf closely misses you. x2
You shoot an arrow.
The arrow barely misses the seven-headed hydra.
The wolf bites you but does no damage. The wolf barely misses you.
The seven-headed hydra bites you but does no damage.
The seven-headed hydra closely misses you.
The seven-headed hydra bites you but does no damage.
The seven-headed hydra closely misses you.
The seven-headed hydra misses you. x2; The seven-headed hydra bites you.
15160 ||| READING scroll of teleportation.
As you read the scroll of teleportation, it crumbles to dust.
You feel strangely unstable. The wolf closely misses you.
The wolf barely misses you. The wolf bites you but does no damage.
The seven-headed hydra bites you!
The seven-headed hydra closely misses you.
The seven-headed hydra bites you but does no damage.
The seven-headed hydra barely misses you.
The seven-headed hydra misses you. The seven-headed hydra bites you!
The seven-headed hydra bites you but does no damage.
You shoot an arrow. The arrow hits the seven-headed hydra.
The seven-headed hydra is almost dead.
You hear an angry hiss.
The wolf barely misses you.
A basilisk comes into view.
The seven-headed hydra barely misses you.
The seven-headed hydra bites you but does no damage.
The seven-headed hydra completely misses you.
The seven-headed hydra closely misses you.
The seven-headed hydra bites you but does no damage. x3
You shoot an arrow. The basilisk hisses angrily.
The arrow hits the seven-headed hydra!
You kill the seven-headed hydra!
Okawaru accepts your kill.
You can now speed up your combat.
The wolf bites you but does no damage.
The seven-headed hydra closely misses you.
The seven-headed hydra bites you!
You die...

.# ..#### .. ..... ...
.... ... +..# ## ..##
l..+... #..##....#
####..#@#...#
...###P.#.##Dh..# ##.
.......!...hk...##...
.......k...h......... .
.....................
....
.....................
....
...............#..#..
#..P
...###.PP.###..#########
#... .k.
#....##...#####.#.###..~


You could see a seven-headed hydra, a basilisk, a rime drake, a black bear and 2
wolves.

Vanquished Creatures
  A centaur warrior (D:10)
  3 hydras
  A boulder beetle (Lair:1)
  6 black mambas
  13 cane toads
  4 komodo dragons
  2 rime drakes (Lair:3)
  2 trolls (D:9)
  A tyrant leech (Lair:2)
  3 blink frogs (Lair:2)
  Grinder (D:3)
  2 shadows (D:9)
  4 basilisks
  44 yaks
  5 wyverns
  4 steam dragons
  3 vampire mosquitoes (D:10)
  5 swamp worms (Lair:2)
  Edmund (D:4)
  17 water moccasins
  2 sky beasts
  3 black bears
  3 orc warriors
  A centaur (D:5)
  2 ogres
  6 wolves
  3 kobold brigands
  13 bullfrogs
  2 gnoll sergeants
  2 scorpions (D:6)
  A wight (D:8)
  10 killer bees
  3 electric eels
  7 howler monkeys
  2 gnoll boudas
  5 jellies
  3 orc priests
  7 iguanas
  2 sleepcaps
  Natasha (twice) (D:3)
  4 orc wizards
  18 gnolls
  3 adders
  3 white imps
  2 ufetubi (D:4)
  A worm (D:5)
  4 dart slugs
  38 orcs
  2 bat zombies (D:3)
  8 endoplasms
  3 giant cockroaches
  8 goblins
  4 hobgoblins
  5 jackals
  4 quokkas
  7 ball pythons
  5 bats
  A frilled lizard (D:1)
  25 kobolds
  5 rats
  2 rat zombies (D:3)
353 creatures vanquished.

Vanquished Creatures (others)
  An ufetubus (D:7)
1 creature vanquished.

Grand Total: 354 creatures vanquished

Notes
Turn   | Place    | Note
-------+----------+-------------------------------------------
     0 | D:1      | qw the Gargoyle Hunter began the quest for the Orb.
     0 | D:1      | Reached XP level 1. HP: 12/12 MP: 1/1
     0 | D:1      | 0 ||| qw: Version: 0.3-a-83-gcd0e7d8
     0 | D:1      | 0 ||| qw: Game counter: 1705
     0 | D:1      | 0 ||| qw: Melee chars always use a shield: true
     0 | D:1      | 0 ||| qw: God list: Okawaru
     0 | D:1      | 0 ||| qw: Allow faded altars: false
     0 | D:1      | 0 ||| qw: Do Orc after clearing Dungeon:15 true
     0 | D:1      | 0 ||| qw: Do second Lair branch before Depths: true
     0 | D:1      | 0 ||| qw: Lair rune preference: random
     0 | D:1      | 0 ||| qw: Goals: Normal
     0 | D:1      | 0 ||| PLANNING D:1-11
   120 | D:1      | Reached XP level 2. HP: 17/17 MP: 2/2
   431 | D:1      | Reached XP level 3. HP: 21/21 MP: 3/3
   625 | D:1      | Reached skill level 5 in Ranged Weapons
   639 | D:1      | 639 ||| READING scroll labelled MUPHUI KIOLETY.
   642 | D:1      | 642 ||| READING 3 scrolls labelled HEP ATIROUXT.
   643 | D:1      | 643 ||| READING scroll labelled NIPAGO RUG DASI.
   644 | D:1      | 644 ||| READING scroll labelled QURAOTHRU TYALL.
   645 | D:1      | 645 ||| DRINKING 2 silvery potions.
   646 | D:1      | 646 ||| DRINKING 2 bubbling pink potions.
   647 | D:1      | 647 ||| READING 2 scrolls of identify.
   647 | D:1      | 647 ||| IDENTIFYING fuming emerald potion
   648 | D:1      | 648 ||| DROPPING scroll of butterflies.
   649 | D:1      | 649 ||| DROPPING potion of lignification.
   956 | D:2      | Found a faded altar of an unknown god.
  1209 | D:2      | Reached skill level 3 in Fighting
  1347 | D:2      | 1347 ||| UPGRADING to +0 pair of gloves.
  1352 | D:2      | 1352 ||| UPGRADING to +4 ring of protection.
  1353 | D:2      | 1353 ||| READING 2 scrolls labelled NIZEAN ORE.
  1454 | D:2      | 1454 ||| DRINKING 2 pink potions.
  1455 | D:2      | 1455 ||| DROPPING scroll of silence.
  1501 | D:3      | Reached XP level 4. HP: 28/28 MP: 4/4
  1678 | D:3      | Noticed Natasha
  1682 | D:3      | 1682 ||| Stepping ~*~*~tactically~*~*~ (retreating).
  1710 | D:3      | Killed Natasha
  1762 | D:3      | Found a runed translucent door.
  2035 | D:3      | Noticed Grinder
  2047 | D:3      | 2047 ||| FLEEEEING.
  2054 | D:3      | 2054 ||| FLEEEEING.
  2055 | D:3      | 2055 ||| FLEEEEING.
  2060 | D:3      | Killed Grinder
  2061 | D:3      | Reached skill level 7 in Ranged Weapons
  2061 | D:3      | Reached XP level 5. HP: 27/32 MP: 5/5
  2061 | D:3      | Reached XP level 6. HP: 31/37 MP: 6/6
  2126 | D:3      | Noticed Natasha
  2131 | D:3      | Killed Natasha
  2132 | D:3      | Reached skill level 1 in Armour
  2149 | D:3      | Found a burning altar of Makhleb.
  2397 | D:3      | Found an ancient bone altar of Kikubaaqudgha.
  2450 | D:3      | Found a runed translucent door.
  2455 | D:3      | Noticed qw's ghost (amateur GrHu)
  2476 | D:3      | 2476 ||| UPGRADING to +0 ring mail.
  2486 | D:3      | 2486 ||| DROPPING +0 leather armour.
  2487 | D:3      | 2487 ||| READING scroll labelled COUFYE PIACO.
  2488 | D:3      | 2488 ||| READING scroll labelled ACOR YSACOPSIYSUL.
  2489 | D:3      | 2489 ||| READING scroll labelled APNEKE RYMEITS.
  2490 | D:3      | 2490 ||| READING scroll labelled UNGUDU ZUOPHID.
  2491 | D:3      | 2491 ||| READING 2 scrolls of identify.
  2491 | D:3      | 2491 ||| IDENTIFYING blue potion
  2492 | D:3      | 2492 ||| DROPPING potion of ambrosia.
  2499 | D:4      | Found Waybo's Weapon Shoppe.
  2508 | D:4      | Found Zuoxiegg's Antique Armour Shop.
  2609 | D:4      | Noticed a black bear
  2617 | D:4      | Killed a black bear
  2618 | D:4      | Reached XP level 7. HP: 34/44 MP: 7/7
  2867 | D:4      | Found a glowing golden altar of the Shining One.
  2875 | D:4      | Noticed Edmund
  2887 | D:4      | Killed Edmund
  2888 | D:4      | Reached skill level 8 in Ranged Weapons
  2891 | D:4      | 2891 ||| FLEEEEING.
  2892 | D:4      | 2892 ||| FLEEEEING.
  2893 | D:4      | 2893 ||| FLEEEEING.
  2894 | D:4      | 2894 ||| FLEEEEING.
  2895 | D:4      | 2895 ||| FLEEEEING.
  2896 | D:4      | 2896 ||| FLEEEEING.
  2897 | D:4      | 2897 ||| FLEEEEING.
  2898 | D:4      | 2898 ||| FLEEEEING.
  2899 | D:4      | 2899 ||| FLEEEEING.
  2900 | D:4      | 2900 ||| FLEEEEING.
  2902 | D:4      | 2902 ||| FLEEEEING.
  2904 | D:4      | 2904 ||| FLEEEEING.
  2905 | D:4      | 2905 ||| FLEEEEING.
  2906 | D:4      | 2906 ||| FLEEEEING.
  2907 | D:4      | 2907 ||| FLEEEEING.
  2908 | D:4      | 2908 ||| FLEEEEING.
  2909 | D:4      | 2909 ||| FLEEEEING.
  2910 | D:4      | 2910 ||| FLEEEEING.
  2911 | D:4      | 2911 ||| FLEEEEING.
  2912 | D:4      | 2912 ||| FLEEEEING.
  2957 | D:4      | Found a snail-covered altar of Cheibriados.
  2984 | D:4      | Found a broken altar of Ashenzari.
  3084 | D:4      | Found Cow Aren's Antique Armour Shoppe.
  3089 | D:4      | 3089 ||| BUYING pair of embroidered boots (217 gold).
  3089 | D:4      | Bought a pair of embroidered boots for 217 gold pieces
  3089 | D:4      | 3089 ||| SHOPLISTING pair of runed gloves (217 gold, have
                  | 4).
  3089 | D:4      | 3089 ||| SHOPLISTING runed robe (107 gold, have 4).
  3178 | D:4      | 3178 ||| SHOPLISTING distressingly furry ring mail (243
                  | gold, have 4).
  3178 | D:4      | 3178 ||| SHOPLISTING embroidered cloak (202 gold, have 4).
  3228 | D:4      | 3228 ||| UPGRADING to +0 pair of boots of stealth.
  3233 | D:4      | 3233 ||| READING 3 scrolls of identify.
  3233 | D:4      | 3233 ||| IDENTIFYING coppery potion
  3234 | D:4      | 3234 ||| READING 2 scrolls of identify.
  3234 | D:4      | 3234 ||| IDENTIFYING gluggy blue potion
  3239 | D:5      | Entered Level 5 of the Dungeon
  3250 | D:5      | Found a glowing silver altar of Zin.
  3391 | D:5      | Reached XP level 8. HP: 49/50 MP: 8/8
  3398 | D:5      | 3398 ||| FLEEEEING.
  3399 | D:5      | 3399 ||| FLEEEEING.
  3400 | D:5      | 3400 ||| FLEEEEING.
  3712 | D:5      | 3712 ||| RETREEAATING.
  3718 | D:5      | 3718 ||| Stepping ~*~*~tactically~*~*~ (retreating).
  3720 | D:5      | 3720 ||| Stepping ~*~*~tactically~*~*~ (retreating).
  3721 | D:5      | 3721 ||| Stepping ~*~*~tactically~*~*~ (retreating).
  3722 | D:5      | 3722 ||| Stepping ~*~*~tactically~*~*~ (retreating).
  3723 | D:5      | 3723 ||| Stepping ~*~*~tactically~*~*~ (retreating).
  3724 | D:5      | 3724 ||| Stepping ~*~*~tactically~*~*~ (retreating).
  3725 | D:5      | 3725 ||| Stepping ~*~*~tactically~*~*~ (retreating).
  3729 | D:5      | 3729 ||| Stepping ~*~*~tactically~*~*~ (retreating).
  3730 | D:5      | 3730 ||| STAIRDANCE
  3775 | D:5      | 3775 ||| STAIRDANCE
  3799 | D:5      | 3799 ||| STAIRDANCE
  3903 | D:5      | 3903 ||| STAIRDANCE
  4238 | D:6      | 4238 ||| READING scroll of enchant weapon.
  4238 | D:6      | 4238 ||| ENCHANTING +1 shortbow of draining.
  4251 | D:6      | Reached skill level 9 in Ranged Weapons
  4292 | D:6      | Reached skill level 6 in Fighting
  4427 | D:6      | Found a staircase to the Ecumenical Temple.
  4428 | D:6      | 4428 ||| PLANNING TEMPLE
  4431 | D:6      | Reached skill level 10 in Ranged Weapons
  4447 | D:6      | Reached skill level 3 in Armour
  4447 | D:6      | Reached XP level 9. HP: 44/55 MP: 9/9
  4491 | D:6      | 4491 ||| READING scroll labelled USULUITEDD.
  4500 | Temple   | Entered the Ecumenical Temple
  4501 | Temple   | 4501 ||| PLANNING OKAWARU WORSHIP
  4518 | Temple   | Became a worshipper of Warmaster Okawaru
  4519 | Temple   | 4519 ||| PLANNING D:1-11
  4897 | D:6      | Found Mees's Antique Armour Shoppe.
  4901 | D:6      | 4901 ||| SHOPLISTING +0 pair of fencer's gloves {Riposte
                  | Dex+3} (1000 gold, have 74).
  4901 | D:6      | 4901 ||| SHOPLISTING +1 robe of Vines {NoPotionHeal
                  | Regen++++} (2000 gold, have 74).
  4901 | D:6      | 4901 ||| SHOPLISTING cloak (112 gold, have 74).
  5101 | D:6      | 5101 ||| Stepping ~*~*~tactically~*~*~ (cloud).
  5247 | D:6      | 5247 ||| UPGRADING to +0 steam dragon scales.
  5257 | D:6      | 5257 ||| DROPPING +0 ring mail.
  5258 | D:6      | 5258 ||| DROPPING ring of wizardry.
  5259 | D:6      | 5259 ||| READING 2 scrolls of identify.
  5259 | D:6      | 5259 ||| IDENTIFYING lumpy pink potion
  5361 | D:7      | Found a large runed translucent door.
  5362 | D:7      | 5362 ||| RETREEAATING.
  5366 | D:7      | 5366 ||| Stepping ~*~*~tactically~*~*~ (retreating).
  5367 | D:7      | 5367 ||| STILL RETREEAATING.
  5374 | D:7      | Reached skill level 3 in Dodging
  5394 | D:7      | Reached * piety under Okawaru
  5395 | D:7      | Reached skill level 11 in Ranged Weapons
  5406 | D:7      | Found a large runed translucent door.
  5406 | D:7      | Noticed qw's ghost (novice GrHu)
  5438 | D:7      | 5438 ||| INVOKING Heroism.
  5452 | D:7      | Reached skill level 1 in Invocations
  5598 | D:7      | Found a blossoming altar of Fedhas.
  5616 | D:7      | Noticed an oklob plant
  5617 | D:7      | 5617 ||| INVOKING Heroism.
  5618 | D:7      | 5618 ||| UPGRADING to ring of protection from fire.
  5619 | D:7      | 5619 ||| READING 3 scrolls of identify.
  5619 | D:7      | 5619 ||| IDENTIFYING smoky purple potion
  5620 | D:7      | 5620 ||| DROPPING potion of degeneration.
  5638 | D:7      | 5638 ||| INVOKING Heroism.
  5885 | D:7      | Found a shimmering blue altar of Sif Muna.
  5895 | D:7      | Found a white marble altar of Elyvilon.
  6332 | D:7      | 6332 ||| READING scroll labelled TENI AXKATHRE.
  6333 | D:7      | 6333 ||| READING scroll labelled LAMARUK MYSYO.
  6460 | D:8      | 6460 ||| RETREEAATING.
  6464 | D:8      | Reached XP level 10. HP: 61/64 MP: 10/12
  6475 | D:8      | Reached skill level 3 in Invocations
  6501 | D:8      | 6501 ||| INVOKING Heroism.
  6687 | D:8      | 6687 ||| INVOKING Heroism.
  6703 | D:8      | Found a viscous altar of Jiyva.
  6711 | D:8      | 6711 ||| INVOKING Heroism.
  6732 | D:8      | 6732 ||| INVOKING Heroism.
  6752 | D:8      | 6752 ||| FLEEEEING.
  6753 | D:8      | 6753 ||| FLEEEEING.
  6754 | D:8      | 6754 ||| FLEEEEING.
  6755 | D:8      | 6755 ||| FLEEEEING.
  6756 | D:8      | 6756 ||| FLEEEEING.
  6757 | D:8      | 6757 ||| FLEEEEING.
  6758 | D:8      | 6758 ||| FLEEEEING.
  6942 | D:8      | Found a shadowy altar of Dithmenos.
  7013 | D:8      | 7013 ||| Stepping ~*~*~tactically~*~*~ (retreating).
  7024 | D:8      | Reached skill level 12 in Ranged Weapons
  7071 | D:8      | 7071 ||| INVOKING Heroism.
  7157 | D:8      | Found an opulent altar of Gozag.
  7317 | D:8      | Found a hide-covered altar of Uskayaw.
  7397 | D:8      | 7397 ||| UPGRADING to +0 helmet.
  7402 | D:8      | 7402 ||| UPGRADING to +0 cloak.
  7407 | D:8      | 7407 ||| READING 2 scrolls labelled OMIMYA MEORI.
  7408 | D:8      | 7408 ||| DRINKING 2 metallic purple potions.
  7512 | D:8      | 7512 ||| DROPPING potion of berserk rage.
  7513 | D:8      | 7513 ||| DROPPING scroll of poison.
  7584 | D:9      | 7584 ||| INVOKING Heroism.
  7602 | D:9      | Found a runed translucent gate.
  7602 | D:9      | Found a runed translucent gate.
  7604 | D:9      | Found a runed translucent gate.
  7604 | D:9      | Noticed a nine-headed hydra
  7604 | D:9      | Noticed a nine-headed hydra
  7605 | D:9      | Noticed qw's ghost (novice MiHs)
  7609 | D:9      | 7609 ||| SWAPPING to +0 orcbow.
  7610 | D:9      | 7610 ||| DROPPING +2 shortbow of draining.
  7743 | D:9      | 7743 ||| RETREEAATING.
  7747 | D:9      | 7747 ||| Stepping ~*~*~tactically~*~*~ (retreating).
  7785 | D:9      | 7785 ||| READING scroll of enchant weapon.
  7785 | D:9      | 7785 ||| ENCHANTING +0 orcbow.
  7809 | D:9      | 7809 ||| INVOKING Heroism.
  7957 | D:9      | Reached ** piety under Okawaru
  7978 | D:9      | 7978 ||| INVOKING Heroism.
  8459 | D:9      | 8459 ||| UPGRADING to +0 troll leather armour.
  8469 | D:9      | 8469 ||| DROPPING +0 steam dragon scales.
  8470 | D:9      | 8470 ||| UPGRADING to +3 ring mail of cold resistance.
  8480 | D:9      | 8480 ||| READING scroll labelled AJIOLA OCADO.
  8507 | D:10     | Entered Level 10 of the Dungeon
  8508 | D:10     | 8508 ||| RETREEAATING.
  8509 | D:10     | 8509 ||| Stepping ~*~*~tactically~*~*~ (retreating).
  8512 | D:10     | 8512 ||| Stepping ~*~*~tactically~*~*~ (retreating).
  8513 | D:10     | 8513 ||| Stepping ~*~*~tactically~*~*~ (retreating).
  8519 | D:10     | 8519 ||| INVOKING Heroism.
  8526 | D:10     | HP: 12/64 [wyvern (11)]
  8527 | D:10     | 8527 ||| READING 6 scrolls of teleportation.
  8528 | D:10     | 8528 ||| DRINKING 2 potions of heal wounds.
  8530 | D:10     | Found a staircase to the Lair.
  8531 | D:10     | 8531 ||| Stepping ~*~*~tactically~*~*~ (retreating).
  8532 | D:10     | 8532 ||| Stepping ~*~*~tactically~*~*~ (retreating).
  8533 | D:10     | 8533 ||| Stepping ~*~*~tactically~*~*~ (retreating).
  8534 | D:10     | 8534 ||| Stepping ~*~*~tactically~*~*~ (retreating).
  8535 | D:10     | 8535 ||| Stepping ~*~*~tactically~*~*~ (retreating).
  8546 | D:10     | 8546 ||| INVOKING Heroism.
  8552 | D:10     | Reached skill level 13 in Ranged Weapons
  8552 | D:10     | HP: 16/64 [water moccasin (3)]
  8553 | D:10     | 8553 ||| READING 5 scrolls of teleportation.
  8554 | D:10     | 8554 ||| DRINKING potion of heal wounds.
  8558 | D:10     | Reached XP level 11. HP: 44/69 MP: 12/14
  8618 | D:10     | 8618 ||| INVOKING Heroism.
  8750 | D:10     | 8750 ||| Stepping ~*~*~tactically~*~*~ (retreating).
  8751 | D:10     | 8751 ||| Stepping ~*~*~tactically~*~*~ (retreating).
  8755 | D:10     | 8755 ||| Stepping ~*~*~tactically~*~*~ (retreating).
  8757 | D:10     | 8757 ||| Stepping ~*~*~tactically~*~*~ (retreating).
  8768 | D:10     | Reached skill level 9 in Fighting
  8865 | D:10     | 8865 ||| RETREEAATING.
  8866 | D:10     | 8866 ||| STILL RETREEAATING.
  8867 | D:10     | 8867 ||| Stepping ~*~*~tactically~*~*~ (retreating).
  8868 | D:10     | 8868 ||| Stepping ~*~*~tactically~*~*~ (retreating).
  8887 | D:10     | 8887 ||| INVOKING Heroism.
  8950 | D:10     | 8950 ||| INVOKING Heroism.
  9001 | D:10     | 9001 ||| RETREEAATING.
  9002 | D:10     | 9002 ||| STILL RETREEAATING.
  9003 | D:10     | 9003 ||| STILL RETREEAATING.
  9004 | D:10     | 9004 ||| STILL RETREEAATING.
  9005 | D:10     | 9005 ||| STILL RETREEAATING.
  9022 | D:10     | 9022 ||| INVOKING Heroism.
  9044 | D:10     | 9044 ||| INVOKING Heroism.
  9458 | D:10     | Found a bloodstained altar of Trog.
  9523 | D:10     | Noticed a centaur warrior
  9529 | D:10     | 9529 ||| INVOKING Heroism.
  9537 | D:10     | Killed a centaur warrior
  9538 | D:10     | Reached skill level 14 in Ranged Weapons
  9685 | D:10     | 9685 ||| PLANNING LAIR
  9685 | D:10     | 9685 ||| READING scroll labelled FAMYMEAJUO.
  9739 | Lair:1   | Entered Level 1 of the Lair of Beasts
  9740 | Lair:1   | 9740 ||| INVOKING Heroism.
  9741 | Lair:1   | 9741 ||| STAIRDANCE
  9759 | Lair:1   | 9759 ||| RETREEAATING.
  9760 | Lair:1   | 9760 ||| STILL RETREEAATING.
  9761 | Lair:1   | 9761 ||| Stepping ~*~*~tactically~*~*~ (retreating).
  9786 | Lair:1   | 9786 ||| INVOKING Heroism.
  9797 | Lair:1   | Reached skill level 6 in Armour
  9808 | Lair:1   | 9808 ||| INVOKING Heroism.
 10038 | Lair:1   | 10038 ||| Stepping ~*~*~tactically~*~*~ (retreating).
 10039 | Lair:1   | 10039 ||| Stepping ~*~*~tactically~*~*~ (retreating).
 10046 | Lair:1   | 10046 ||| Stepping ~*~*~tactically~*~*~ (retreating).
 10047 | Lair:1   | 10047 ||| Stepping ~*~*~tactically~*~*~ (retreating).
 10051 | Lair:1   | 10051 ||| Stepping ~*~*~tactically~*~*~ (retreating).
 10052 | Lair:1   | 10052 ||| Stepping ~*~*~tactically~*~*~ (retreating).
 10053 | Lair:1   | 10053 ||| Stepping ~*~*~tactically~*~*~ (retreating).
 10054 | Lair:1   | 10054 ||| Stepping ~*~*~tactically~*~*~ (retreating).
 10071 | Lair:1   | 10071 ||| FLEEEEING.
 10072 | Lair:1   | 10072 ||| FLEEEEING.
 10084 | Lair:1   | Reached *** piety under Okawaru
 10129 | Lair:1   | 10129 ||| INVOKING Heroism.
 10253 | Lair:1   | 10253 ||| INVOKING Heroism.
 10333 | Lair:1   | Noticed an oklob plant
 10334 | Lair:1   | 10334 ||| INVOKING Heroism.
 10348 | Lair:1   | 10348 ||| READING 8 scrolls of identify.
 10348 | Lair:1   | 10348 ||| IDENTIFYING ruby potion
 10349 | Lair:1   | HP: 8/72 [oklob plant/splash of acid (20)]
 10350 | Lair:1   | 10350 ||| READING 4 scrolls of teleportation.
 10590 | Lair:1   | 10590 ||| INVOKING Heroism.
 10618 | Lair:1   | 10618 ||| RETREEAATING.
 10619 | Lair:1   | 10619 ||| STILL RETREEAATING.
 10620 | Lair:1   | 10620 ||| STILL RETREEAATING.
 10621 | Lair:1   | 10621 ||| Stepping ~*~*~tactically~*~*~ (retreating).
 10622 | Lair:1   | 10622 ||| Stepping ~*~*~tactically~*~*~ (retreating).
 10623 | Lair:1   | 10623 ||| Stepping ~*~*~tactically~*~*~ (retreating).
 10624 | Lair:1   | 10624 ||| INVOKING Heroism.
 10625 | Lair:1   | 10625 ||| Stepping ~*~*~tactically~*~*~ (retreating).
 10626 | Lair:1   | 10626 ||| Stepping ~*~*~tactically~*~*~ (retreating).
 10633 | Lair:1   | 10633 ||| Stepping ~*~*~tactically~*~*~ (retreating).
 10640 | Lair:1   | Reached XP level 12. HP: 40/77 MP: 15/15
 10642 | Lair:1   | 10642 ||| INVOKING Heroism.
 10643 | Lair:1   | HP: 10/77 [gnoll bouda/+0 quarterstaff (10)]
 10644 | Lair:1   | 10644 ||| READING 3 scrolls of teleportation.
 10648 | Lair:1   | HP: 6/77 [gnoll bouda/+0 quarterstaff (1)]
 10652 | Lair:1   | 10652 ||| READING 2 scrolls of teleportation.
 10970 | Lair:1   | Noticed a boulder beetle
 10971 | Lair:1   | 10971 ||| INVOKING Heroism.
 10988 | Lair:1   | Killed a boulder beetle
 10989 | Lair:1   | Reached skill level 15 in Ranged Weapons
 11266 | Lair:1   | 11266 ||| RETREEAATING.
 11267 | Lair:1   | 11267 ||| Stepping ~*~*~tactically~*~*~ (retreating).
 11271 | Lair:1   | 11271 ||| Stepping ~*~*~tactically~*~*~ (retreating).
 11272 | Lair:1   | 11272 ||| Stepping ~*~*~tactically~*~*~ (retreating).
 11273 | Lair:1   | 11273 ||| Stepping ~*~*~tactically~*~*~ (retreating).
 11287 | Lair:1   | 11287 ||| INVOKING Heroism.
 11320 | Lair:1   | 11320 ||| INVOKING Heroism.
 11682 | Lair:2   | 11682 ||| RETREEAATING.
 11688 | Lair:2   | 11688 ||| STILL RETREEAATING.
 11689 | Lair:2   | 11689 ||| STILL RETREEAATING.
 11734 | Lair:2   | Reached skill level 16 in Ranged Weapons
 11882 | Lair:2   | 11882 ||| RETREEAATING.
 11884 | Lair:2   | 11884 ||| RETREEAATING.
 11888 | Lair:2   | 11888 ||| Stepping ~*~*~tactically~*~*~ (retreating).
 11889 | Lair:2   | 11889 ||| Stepping ~*~*~tactically~*~*~ (retreating).
 11890 | Lair:2   | 11890 ||| Stepping ~*~*~tactically~*~*~ (retreating).
 11891 | Lair:2   | 11891 ||| Stepping ~*~*~tactically~*~*~ (retreating).
 11892 | Lair:2   | 11892 ||| Stepping ~*~*~tactically~*~*~ (retreating).
 11897 | Lair:2   | 11897 ||| Stepping ~*~*~tactically~*~*~ (retreating).
 11898 | Lair:2   | 11898 ||| Stepping ~*~*~tactically~*~*~ (retreating).
 11899 | Lair:2   | 11899 ||| Stepping ~*~*~tactically~*~*~ (retreating).
 11902 | Lair:2   | Reached **** piety under Okawaru
 12052 | Lair:2   | 12052 ||| RETREEAATING.
 12054 | Lair:2   | 12054 ||| RETREEAATING.
 12055 | Lair:2   | 12055 ||| INVOKING Heroism.
 12074 | Lair:2   | Noticed a five-headed hydra
 12075 | Lair:2   | 12075 ||| Stepping ~*~*~tactically~*~*~ (retreating).
 12076 | Lair:2   | 12076 ||| Stepping ~*~*~tactically~*~*~ (retreating).
 12077 | Lair:2   | 12077 ||| Stepping ~*~*~tactically~*~*~ (retreating).
 12078 | Lair:2   | 12078 ||| RETREEAATING.
 12081 | Lair:2   | 12081 ||| Stepping ~*~*~tactically~*~*~ (retreating).
 12082 | Lair:2   | 12082 ||| Stepping ~*~*~tactically~*~*~ (retreating).
 12083 | Lair:2   | 12083 ||| Stepping ~*~*~tactically~*~*~ (retreating).
 12084 | Lair:2   | 12084 ||| STILL RETREEAATING.
 12085 | Lair:2   | 12085 ||| STILL RETREEAATING.
 12086 | Lair:2   | 12086 ||| STILL RETREEAATING.
 12087 | Lair:2   | 12087 ||| STILL RETREEAATING.
 12088 | Lair:2   | 12088 ||| INVOKING Heroism.
 12301 | Lair:2   | 12301 ||| RETREEAATING.
 12303 | Lair:2   | 12303 ||| RETREEAATING.
 12304 | Lair:2   | 12304 ||| Stepping ~*~*~tactically~*~*~ (retreating).
 12305 | Lair:2   | 12305 ||| INVOKING Heroism.
 12314 | Lair:2   | 12314 ||| Stepping ~*~*~tactically~*~*~ (retreating).
 12315 | Lair:2   | 12315 ||| STILL RETREEAATING.
 12321 | Lair:2   | 12321 ||| INVOKING Heroism.
 12344 | Lair:2   | 12344 ||| INVOKING Heroism.
 12750 | Lair:2   | Found a staircase to the Snake Pit.
 12813 | Lair:2   | Noticed a seven-headed hydra
 12814 | Lair:2   | 12814 ||| INVOKING Heroism.
 12815 | Lair:2   | 12815 ||| Stepping ~*~*~tactically~*~*~ (retreating).
 12816 | Lair:2   | 12816 ||| Stepping ~*~*~tactically~*~*~ (retreating).
 12823 | Lair:2   | 12823 ||| Stepping ~*~*~tactically~*~*~ (retreating).
 12824 | Lair:2   | 12824 ||| Stepping ~*~*~tactically~*~*~ (retreating).
 12825 | Lair:2   | 12825 ||| Stepping ~*~*~tactically~*~*~ (retreating).
 12826 | Lair:2   | Killed a seven-headed hydra
 12853 | Lair:2   | 12853 ||| INVOKING Heroism.
 12861 | Lair:2   | HP: 13/80 [five-headed hydra (11)]
 12862 | Lair:2   | 12862 ||| READING scroll of teleportation.
 12862 | Lair:2   | HP: 2/80 [five-headed hydra (10)]
 12863 | Lair:2   | 12863 ||| DRINKING potion of heal wounds.
 13036 | Lair:2   | 13036 ||| INVOKING Heroism.
 13046 | Lair:2   | Killed a five-headed hydra
 13205 | Lair:2   | Found a staircase to the Swamp.
 13274 | Lair:2   | 13274 ||| READING 8 scrolls of identify.
 13274 | Lair:2   | 13274 ||| IDENTIFYING green potion
 13298 | Lair:2   | 13298 ||| INVOKING Heroism.
 13308 | Lair:2   | HP: 10/80 [tyrant leech (23)]
 13338 | Lair:2   | 13338 ||| INVOKING Heroism.
 13551 | Lair:3   | 13551 ||| RETREEAATING.
 13552 | Lair:3   | 13552 ||| Stepping ~*~*~tactically~*~*~ (retreating).
 13553 | Lair:3   | 13553 ||| STAIRDANCE
 13582 | Lair:3   | 13582 ||| STAIRDANCE
 13584 | Lair:2   | 13584 ||| Stepping ~*~*~tactically~*~*~ (retreating).
 13585 | Lair:2   | 13585 ||| Stepping ~*~*~tactically~*~*~ (retreating).
 13586 | Lair:2   | 13586 ||| Stepping ~*~*~tactically~*~*~ (retreating).
 13587 | Lair:2   | 13587 ||| INVOKING Heroism.
 13604 | Lair:2   | HP: 15/80 [cane toad (13)]
 13616 | Lair:2   | 13616 ||| INVOKING Heroism.
 13617 | Lair:2   | HP: 13/80 [cane toad (2)]
 13779 | Lair:2   | 13779 ||| INVOKING Heroism.
 13833 | Lair:3   | 13833 ||| STAIRDANCE
 13847 | Lair:2   | Reached XP level 13. HP: 82/85 MP: 17/17
 13998 | Lair:3   | Reached skill level 12 in Fighting
 14004 | Lair:3   | 14004 ||| Stepping ~*~*~tactically~*~*~ (retreating).
 14005 | Lair:3   | 14005 ||| Stepping ~*~*~tactically~*~*~ (retreating).
 14006 | Lair:3   | 14006 ||| Stepping ~*~*~tactically~*~*~ (retreating).
 14007 | Lair:3   | 14007 ||| Stepping ~*~*~tactically~*~*~ (retreating).
 14008 | Lair:3   | 14008 ||| Stepping ~*~*~tactically~*~*~ (retreating).
 14009 | Lair:3   | 14009 ||| Stepping ~*~*~tactically~*~*~ (retreating).
 14010 | Lair:3   | 14010 ||| Stepping ~*~*~tactically~*~*~ (retreating).
 14100 | Lair:3   | 14100 ||| READING scroll of enchant armour.
 14100 | Lair:3   | 14100 ||| ENCHANTING +0 pair of gloves.
 14155 | Lair:3   | 14155 ||| INVOKING Heroism.
 14158 | Lair:3   | Reached skill level 6 in Invocations
 14247 | Lair:3   | 14247 ||| INVOKING Heroism.
 14451 | Lair:3   | 14451 ||| Stepping ~*~*~tactically~*~*~ (water).
 14619 | Lair:3   | 14619 ||| INVOKING Heroism.
 14710 | Lair:3   | 14710 ||| Stepping ~*~*~tactically~*~*~ (water).
 15013 | Lair:3   | 15013 ||| READING 8 scrolls of identify.
 15013 | Lair:3   | 15013 ||| IDENTIFYING murky black potion
 15043 | Lair:4   | Found a frozen archway.
 15113 | Lair:4   | 15113 ||| INVOKING Heroism.
 15140 | Lair:4   | 15140 ||| RETREEAATING.
 15141 | Lair:4   | 15141 ||| STILL RETREEAATING.
 15142 | Lair:4   | 15142 ||| STILL RETREEAATING.
 15143 | Lair:4   | 15143 ||| Stepping ~*~*~tactically~*~*~ (retreating).
 15144 | Lair:4   | 15144 ||| Stepping ~*~*~tactically~*~*~ (retreating).
 15145 | Lair:4   | 15145 ||| Stepping ~*~*~tactically~*~*~ (retreating).
 15146 | Lair:4   | 15146 ||| Stepping ~*~*~tactically~*~*~ (retreating).
 15147 | Lair:4   | 15147 ||| INVOKING Heroism.
 15159 | Lair:4   | HP: 21/86 [seven-headed hydra (6)]
 15160 | Lair:4   | 15160 ||| READING scroll of teleportation.
 15160 | Lair:4   | HP: 6/86 [seven-headed hydra (8)]
 15162 | Lair:4   | Slain by a seven-headed hydra

Levels and vault maps discovered:
D:1:      dpeg_arrival_rooms_c, layout_loops_ring, minmay_tall_x
D:2:      layout_basic, dreamdust_ecumenical_altar_statues
D:3:      layout_basic, lemuel_zombie_altar_kikubaaqudgha,
          lightli_temple_of_fire, ebering_ghost_sewer_f, uniq_grinder,
          uniq_natasha
D:4:      layout_loops_ring, mainiacjoe_overflow_catwalk, tso_oasis_becter,
          kennysheep_slug_shrine, serial_shops, nicolae_shop_waterfront,
          nicolae_wooded_promenade, uniq_edmund
D:5:      layout_cave_pods, mainiacjoe_overflow_small_starburst,
          small_statue_intersection
D:6:      layout_loops_corners, minmay_temple_entry_glass, serial_shops,
          nicolae_shop_stone, minmay_quadrilaterals
D:7:      layout_rooms, tgw_fedhas, mainiacjoe_overflow_catwalk_spiral,
          ebering_ghost_disaster_area, kennysheep_path_1,
          kennysheep_big_empty_room
D:8:      layout_cave_pods, marbit_many_paths, mainiacjoe_overflow_alcove_1,
          amcnicky_altar_gilded, minmay_splitting_lines, fountainhead,
          kennysheep_small_spiral, serial_bayou_pond_e, grunt_decor_fettered,
          jiyva_altar_1
D:9:      layout_long_grid, gammafunk_ghost_hydra_chop
D:10:     layout_irregular_city, lemuel_tele_altar, minmay_lair_entry_grove
Temple:   hellmonk_temple_forest_ring
Lair:1:   layout_misc_corridors, minivault_26, dreamdust_gnoll_shepherd
Lair:2:   layout_cave_pods, palyth_hydra_swamp_entry, dummy_snake_entry
Lair:3:   layout_small_grid, chequers_serial_rivers_room_a,
          nicolae_lair_lil_pond, nicolae_quartered_pool_super, st_stairs_7,
          beast_lair_carwin_2, infiniplex_staircase_pool_2, grunt_megastairs_4,
          lemuel_fruit_fields
Lair:4:   statuecave_lemuel, layout_regular_city,
          portal_ice_cave_entry_pillars_2, chequers_serial_rivers_small_a,
          dpeg_oklob_1

Skill      XL: |  1  2  3  4  5  6  7  8  9 10 11 12 13 |
---------------+----------------------------------------+-----
Ranged Weapons | 5 7 8 10 11 13 14 16 | 16.0
Fighting       | 3 4 5 6 8 10 11 12 | 12.0
Armour         | 1 2 3 5 6 7 8 |  8.0
Dodging        | 2 3 4 5 |  5.4
Invocations    | 2 4 5 7 |  7.1
Stealth        | |  1.1

Action                     |  1- 3 |  4- 6 |  7- 9 | 10-12 | 13-15 || total
---------------------------+-------+-------+-------+-------+-------++-------
   Fire: Shortbow          |   106 |   144 |   418 |   128 |       ||   796
         Orcbow            |       |       |       |   915 |   248 ||  1163
 Invoke: Heroism           |       |       |     3 |    41 |     5 ||    49
    Use: Scroll            |     6 |     5 |     8 |    12 |     3 ||    34
         Potion            |     3 |       |       |     4 |       ||     7
 Armour: Leather armour    |    37 |    39 |       |       |       ||    76
         Ring mail         |       |    18 |   109 |   560 |   142 ||   829
         Steam dragon scal |       |       |    34 |    71 |       ||   105
  Dodge: Dodged            |    23 |    42 |    97 |   589 |   129 ||   880

Table legend:
 A = Non-vault XP
 B = Vault XP
 C = Vault XP percentage of total XP
 D = Non-vault monster count
 E = Vault monster count
 F = Vault count percentage of total count
                 A         B        C        D         E       F
            +---------+---------+-------+---------+---------+-------
      Total |   29273 |    9895 |  25.3 |     299 |      54 |  15.3
            +---------+---------+-------+---------+---------+-------
        D:1 |      33 |       6 |  15.4 |      21 |       4 |  16.0
        D:2 |      31 |       0 |   0.0 |      10 |       0 |   0.0
        D:3 |     108 |     308 |  74.0 |      25 |       6 |  19.4
        D:4 |     407 |     158 |  28.0 |      29 |       2 |   6.5
        D:5 |     462 |       0 |   0.0 |      12 |       0 |   0.0
        D:6 |    1667 |     197 |  10.6 |      32 |       3 |   8.6
        D:7 |    1178 |       0 |   0.0 |      16 |       0 |   0.0
        D:8 |    2048 |     243 |  10.6 |      24 |       5 |  17.2
        D:9 |    1687 |       0 |   0.0 |      30 |       0 |   0.0
       D:10 |    2291 |    2160 |  48.5 |      19 |      13 |  40.6
     Lair:1 |    8065 |     672 |   7.7 |      34 |       4 |  10.5
     Lair:2 |    5219 |    5344 |  50.6 |      21 |      14 |  40.0
     Lair:3 |    4930 |     807 |  14.1 |      22 |       3 |  12.0
     Lair:4 |    1147 |       0 |   0.0 |       4 |       0 |   0.0
            +---------+---------+-------+---------+---------+-------
